 Dungeon Crawl Stone Soup version 0.31-a0-656-gb4d89c20fa (webtiles) character file.

Game seed: 15395794650090982168

5 thirtiethelement the Vexing (level 1, 0/13 HPs)
             Began as a Demonspawn Enchanter on Aug 30, 2023.
             Slain by a gnoll
             ... wielding a +0 flail
              (11 damage)
             ... on level 1 of the Dungeon.
             The game lasted 00:00:17 (165 turns).

thirtiethelement the Vexing (Demonspawn Enchanter)   Turns: 165, Time: 00:00:17

Health: 0/13       AC:  2    Str:  8    XL:     1   Next: 66%
Magic:  3/3        EV: 12    Int: 16    God:
Gold:   18         SH:  0    Dex: 13    Spells: 4/4 levels left

rFire   . . .        a - +1 dagger
rCold   . . .        (no shield)
rNeg    . . .        b - +0 robe
rPois   .            (no helmet)
rElec   .            (no cloak)
rCorr   .            (no gloves)
SInv    .            (no boots)
Will    .....        (no amulet)
Stlth   ++           (no ring)
HPRegen 0.22/turn    (no ring)
MPRegen 0.08/turn

%: no passive effects
@: no status effects
A: no striking features
a: no special abilities


You were on level 1 of the Dungeon.
You visited 1 branch of the dungeon, and saw 1 of its levels.

You collected 18 gold pieces.

Inventory:

Hand Weapons
 a - a +1 dagger (weapon)
Armour
 b - a +0 robe (worn)
Potions
 c - 2 potions of invisibility


   Skills:
 + Level 0.8 Short Blades
 + Level 2.0 Dodging
 + Level 2.7 Stealth
 + Level 2.0 Spellcasting
 + Level 3.1 Hexes


You had 4 spell levels left.
You didn't know any spells.
Your spell library contained the following spells:

 Spells                   Type           Power      Damage    Failure   Level
 Ensorcelled Hibernation  Hex/Ice        12%        N/A       17%         2
 Confusing Touch          Hex            11%        N/A       17%         3
 Tukima's Dance           Hex            11%        N/A       17%         3
 Dazzling Flash           Conj/Hex       12%        N/A       32%         3


Dungeon Overview and Level Annotations

Branches:
Dungeon (1/15)

Altars:


Message History

You are too injured to fight recklessly!
You are too injured to fight recklessly!
You are too injured to fight recklessly!
You are too injured to fight recklessly!
You are too injured to fight recklessly!
You are too injured to fight recklessly!
You are too injured to fight recklessly!
You are too injured to fight recklessly!
You hit the kobold.
The kobold is severely wounded.
The kobold barely misses you.
You hit the kobold.
You kill the kobold!
Your Dodging skill increases to level 2!
You see here a +0 club.
You see here a +0 club.
Found a club.
Found a stone staircase leading down.
A bat and a gnoll come into view.
The gnoll shouts!
The bat hits you but does no damage.
You barely miss the bat. The bat barely misses you.
You hit the bat.
You kill the bat!
You hit the gnoll.
The gnoll is moderately wounded.
The gnoll closely misses you.
You hit the gnoll.
The gnoll is heavily wounded.
The gnoll hits you with a +0 flail.
You hit the gnoll.
The gnoll is severely wounded.
The gnoll misses you.
You hit the gnoll but do no damage.
The gnoll is severely wounded.
The gnoll closely misses you.
You hit the gnoll.
The gnoll is severely wounded.
The gnoll hits you with a +0 flail!
Ouch! That really hurt!
You die...

#............... #
###.....#.###.#### #.
#......##.#.#.#### ..
#.....###.#.......
#.###..##.# #.#.....##
#.#..:..###.# #.##....#
#...>...###+###.##....#
#.....#g.....##.##....#
#.....#@.....##.#####.#
#.?g).#......##.# #..
#.... #......##.# ####
#.... #.........# ..##
#########


You could see a gnoll.

Vanquished Creatures
  A hobgoblin (D:1)
  3 kobolds (D:1)
  A bat (D:1)
5 creatures vanquished.

Notes
Turn   | Place    | Note
-------+----------+-------------------------------------------
     0 | D:1      | thirtiethelement the Demonspawn Enchanter began the quest
                  | for the Orb.
     0 | D:1      | Reached XP level 1. HP: 13/13 MP: 3/3
   165 | D:1      | Slain by a gnoll

Illustrated notes

Levels and vault maps discovered:
D:1:      minmay_arrival_glassed_features, layout_basic, minmay_misc_feat_tower,
          amethyst_killhole

Skill      XL: |  1 |
---------------+----+-----
Dodging        | 2 |  2.0
Short Blades   | |  0.8
Stealth        | |  2.7
Spellcasting   | |  2.0
Hexes          | |  3.1

Action                     || total
---------------------------++-------
  Melee: Dagger            ||    23
 Armour: Robe              ||     2
  Dodge: Dodged            ||    12

Table legend: (Time is in decaauts)
 A = Elapsed time spent in this place.
 B = Non-inter-level travel time spent in this place.
 C = Inter-level travel time spent in this place.
 D = Time resting spent in this place.
 E = Time spent auto-exploring this place.
 F = Levels seen in this place.
 G = Mean time per level.
                   A        B        C        D        E       F      G
               +--------+--------+--------+--------+--------+-----+--------+
         Total |    164 |    164 |      0 |      0 |    121 |   1 |  164.0 |
       Dungeon |    164 |    164 |      0 |      0 |    121 |   1 |  164.0 |
               +--------+--------+--------+--------+--------+-----+--------+

Top non-repeatable levels by time:
     D:1: 164 daAuts
